[Event "1st Online FIDE Cup for disabled players"]
[Site "T#646224FIDE"]
[Date "2020.05.21"]
[Round "3"]
[White "Marcin Tazbir"]
[Black "Lipilin_Ilia2002"]
[Result "1-0"]
[WhiteElo "1620"]
[BlackElo "1620"]
[Annotator "NA"]
[PlyCount "63"]
[EventDate "2020.05.21"]
[EventType "swiss (blitz)"]
[TimeControl "600+5"]

1. c4 f5 2. g3 Nf6 3. Bg2 g6 4. Nc3 Bg7 5. e3 d6 6. Nge2 c6 7. O-O O-O 8. b4 e5 9. b5 Be6 10. d3 d5 11. bxc6 bxc6 12. cxd5 cxd5 13. Ba3 Rf7 14. Rb1 Nbd7 15. d4 e4 16. Nf4 Qe8 17. Nb5 Bf8 18. Bxf8 Nxf8 19. Nd6 Qc6 20. Nxf7 Bxf7 21. Qb3 g5 22. Rfc1 Qa6 23. Bf1 Qd6 24. Nh3 h6 25. Qb7 Re8 26. Rc6 Qd8 27. Qc7 Ne6 28. Qxd8 Rxd8 29. Be2 Kg7 30. Rb7 a5 31. Rxe6 Rc8 32. Ree7 {[%emt 0:00:17] Lipilin_Ilia2002 Ñäàåòñÿ (Lag: Av=0.57s, max=1.6s)} 1-0